 Dungeon Crawl Stone Soup version 0.22.1-1-ga44c0e56f4 (webtiles) character file.

4696 Reeggar the Grappler (level 10, -6/92 HPs)
             Began as a Troll Fighter on Oct 28, 2018.
             Was a Priest of Yredelemnul.
             Mangled by a white ugly thing (7 damage)
             ... on level 9 of the Dungeon.
             The game lasted 00:41:15 (7737 turns).

Reeggar the Grappler (Troll Fighter)                Turns: 7737, Time: 00:41:15

Health: -6/92      AC:  8    Str: 29    XL:     10   Next: 21%
Magic:  12/12      EV: 14    Int:  4    God:    Yredelemnul [***...]
Gold:   323        SH: 16    Dex:  9    Spells: 12/13 levels left

rFire    . . .     SeeInvis .     - Unarmed
rCold    . . .     Gourm    +   x - +0 large shield
rNeg     . . .     Faith    .   a - +1 robe
rPois    +         Spirit   .   (helmet restricted)
rElec    .         Reflect  .   o - +1 cloak {rPois}
rCorr    .         Harm     .   (gloves unavailable)
MR       .....                  (boots unavailable)
Stlth    +.........             (no amulet)
HPRegen  0.65/turn              n - +5 ring of evasion
MPRegen  0.13/turn              f - ring of wizardry

@: no status effects
A: large, unfitting armour, claws 3, fast metabolism 3, gourmand, regeneration
1, shaggy fur 1, tough skin 2
a: Recall Undead Slaves, Injury Mirror, Animate Dead, Renounce Religion


You were on level 9 of the Dungeon.
You worshipped Yredelemnul.
Yredelemnul was most pleased with you.
You were full.

You visited 1 branch of the dungeon, and saw 9 of its levels.

You collected 497 gold pieces.
You spent 174 gold pieces at shops.

Inventory:

Armour
 a - a +1 robe (worn)
 o - a +1 cloak of poison resistance (worn)
 x - a +0 large shield (worn)
Jewellery
 f - a ring of wizardry (right claw)
 n - a +5 ring of evasion (left claw)
Wands
 t - a wand of enslavement (14)
 v - a wand of acid (4)
Scrolls
 c - 2 scrolls of immolation
 e - 6 scrolls of remove curse
 g - 2 scrolls of fog
 h - a scroll of teleportation
 j - a scroll of fear
 s - a scroll of amnesia
Potions
 i - 2 potions of agility {unknown}
 k - a potion of brilliance {unknown}
 l - a potion of degeneration {unknown}
 m - a potion of resistance {unknown}
 p - 2 potions of curing
 r - 2 potions of flight
 u - a potion of invisibility {unknown}
 w - a potion of ambrosia {unknown}
Comestibles
 d - 9 rations


   Skills:
 + Level 4.1 Fighting
 + Level 5.5 Dodging
 + Level 0.7 Stealth
 + Level 6.1 Shields
 + Level 8.9 Unarmed Combat
 * Level 2.4 Spellcasting
 * Level 5.1 Invocations


You had 12 spell levels left.
You knew the following spells:

 Your Spells              Type           Power        Failure   Level  Hunger
a - Confusing Touch       Hex            #.....       73%         1    ##.....

Your spell library contained the following spells:

 Spells                   Type           Power        Failure   Level  Hunger
 Confuse                  Hex            #.......     97%         3    ####...
 Gell's Gravitas          Tloc           #.........   97%         3    ####...
 Petrify                  Tmut/Erth      #.......     100%        4    #####..
 Metabolic Englaciation   Hex/Ice        #.........   100%        5    ######.
 Yara's Violent Unravell  Hex/Tmut       #.........   100%        5    ######.


Dungeon Overview and Level Annotations

Branches:
Dungeon (9/15)             Temple (0/1) D:4
   Lair: D:8-11         Orc: D:9-12

Altars:
Ashenzari
Elyvilon
Hepliaklqana
Okawaru
Ru
Sif Muna
Trog
Yredelemnul

Shops:
D:4 :   D:6 [   D:7 ?}   D:8 [=(

Annotations:
D:5 Prince Ribbit


Innate Abilities, Weirdness & Mutations

You are too large for most types of armour.
You have claws for hands.
Your metabolism is lightning-fast.
You like to eat raw meat.
Your natural rate of healing is unusually fast.
You are covered in fur. (AC +1)
You have very tough skin. (AC +2)


Message History

You barely miss the killer bee.
The killer bee is heavily wounded.
The killer bee stings you. You block the killer bee's attack.
You block the white ugly thing's attack.
The killer bee barely misses you. You block the killer bee's attack.
You completely miss the killer bee.
The killer bee is almost dead.
You block the killer bee's attack. The killer bee completely misses you.
You scratch the killer bee.
The killer bee is heavily wounded.
You block the killer bee's attack. The killer bee closely misses you.
The white ugly thing kicks you. The white ugly thing freezes you!!
* * * LOW HITPOINT WARNING * * *
You block the killer bee's attack. The killer bee stings you!
* * * LOW HITPOINT WARNING * * *
You feel better. The killer bee closely misses you. The killer bee stings you!
* * * LOW HITPOINT WARNING * * *
The white ugly thing kicks you!
You die...
Your body rises from the dead as a mindless zombie.

#### ######..#
........# ........#
........#
........##############
.............uy.......
...[...<.....y@.......
...........########...
...........#
...........#
...........#
#.....?....#
#..........#
#.....###...


You could see a white ugly thing and 2 killer bees.

Vanquished Creatures
  A two-headed ogre (D:8)
  The ghost of patcoet the Ducker, a novice GnMo of Ru (D:6)
  A hippogriff (D:7)
  A human (D:2)
  3 orc warriors
  An ice beast (D:7)
  A phantom (D:7)
  2 sky beasts
  5 ogres
  3 centaurs
  A crocodile (D:7)
  3 bullfrogs (D:6)
  A killer bee (D:9)
  5 scorpions
  8 wights
  2 howler monkeys
  6 crimson imps
  A centaur zombie (D:6)
  3 hounds
  A jelly (D:6)
  2 bullfrog skeletons (D:7)
  3 orc priests
  5 orc wizards
  A centaur skeleton (D:4)
  6 worker ants
  A hound zombie (D:7)
  A hound skeleton (D:6)
  Robin (D:2)
  11 adders
  2 shadow imps
  An ooze (D:4)
  An adder skeleton (D:5)
  An adder zombie (D:6)
  2 worms
  4 dart slugs
  8 leopard geckos
  18 orcs
  6 giant cockroaches
  7 hobgoblins
  6 jackals
  5 kobolds
  4 quokkas
  A ball python (D:7)
  12 bats
  9 frilled lizards
  11 goblins
  A jackal skeleton (D:2)
  A leopard gecko zombie (D:7)
  2 quokka skeletons
  4 rats
187 creatures vanquished.

Vanquished Creatures (collateral kills)
  A worker ant (D:7)
  A quokka (D:8)
2 creatures vanquished.

Vanquished Creatures (others)
  An orc wizard (D:3)
  A sky beast zombie (D:7)
  A crocodile zombie (D:7)
  An orc zombie (D:7)
  3 fungi (D:5)
7 creatures vanquished.

Grand Total: 196 creatures vanquished

Notes
Turn   | Place    | Note
-------+----------+-------------------------------------------
     0 | D:1      | Reeggar the Troll Fighter began the quest for the Orb.
     0 | D:1      | Reached XP level 1. HP: 22/22 MP: 0/0
   112 | D:1      | Reached XP level 2. HP: 29/29 MP: 1/1
   955 | D:1      | Reached XP level 3. HP: 35/36 MP: 2/2
  1258 | D:2      | Noticed Robin
  1298 | D:2      | Killed Robin
  1331 | D:2      | Found an iron altar of Okawaru.
  1396 | D:2      | Reached XP level 4. HP: 44/44 MP: 3/3
  1464 | D:2      | Found a runed door.
  1464 | D:2      | Noticed a human
  1465 | D:2      | Found a basalt altar of Yredelemnul.
  1524 | D:2      | Killed a human
  1524 | D:2      | Reached skill level 3 in Unarmed Combat
  1524 | D:2      | Reached XP level 5. HP: 32/52 MP: 4/4
  1551 | D:2      | Became a worshipper of Yredelemnul the Dark
  2304 | D:3      | Reached skill level 4 in Unarmed Combat
  2304 | D:3      | Reached XP level 6. HP: 47/59 MP: 5/5
  2823 | D:3      | Found a shattered altar of Ashenzari.
  2823 | D:3      | Found a deep blue altar of Sif Muna.
  3072 | D:4      | Reached skill level 1 in Invocations
  3419 | D:4      | Found a staircase to the Ecumenical Temple.
  3464 | D:4      | Found Bap Wycellej's Book Boutique.
  3866 | D:5      | Entered Level 5 of the Dungeon
  3871 | D:5      | Found a white marble altar of Elyvilon.
  4072 | D:5      | Reached skill level 5 in Unarmed Combat
  4072 | D:5      | Reached XP level 7. HP: 57/66 MP: 7/7
  4117 | D:5      | Found a bloodstained altar of Trog.
  4265 | D:5      | Noticed Prince Ribbit
  4404 | D:5      | Learned a level 1 spell: Confusing Touch
  4437 | D:5      | Reached * piety under Yredelemnul
  4489 | D:5      | HP: 3/67 [Prince Ribbit (13)]
  4516 | D:5      | HP: 3/100 [Prince Ribbit (9)]
  4521 | D:5      | HP: 3/100 [Prince Ribbit (3)]
  4527 | D:5      | HP: 1/100 [scorpion (6)]
  4702 | D:5      | Reached XP level 8. HP: 75/75 MP: 8/8
  4781 | D:6      | Found a transporter.
  4782 | D:6      | Noticed patcoet's ghost (novice GnMo)
  4797 | D:6      | Found a transporter.
  4811 | D:6      | Reached skill level 6 in Unarmed Combat
  4828 | D:6      | Found Bivarroere's Armour Boutique.
  5010 | D:6      | Reached ** piety under Yredelemnul
  5224 | D:6      | Bought a +0 cloak of poison resistance for 102 gold pieces
  5240 | D:6      | Found a sacrificial altar of Ru.
  5267 | D:6      | Reached skill level 1 in Spellcasting
  5352 | D:6      | Reached skill level 7 in Unarmed Combat
  5420 | D:6      | Reached skill level 5 in Shields
  5775 | D:6      | Reached XP level 9. HP: 80/83 MP: 10/10
  5803 | D:6      | Killed patcoet's ghost
  6096 | D:7      | Reached skill level 5 in Dodging
  6130 | D:7      | Found Laguutauho's Magic Scroll Boutique.
  6138 | D:7      | Found Ytathrouv's Gadget Shoppe.
  6339 | D:7      | Reached skill level 8 in Unarmed Combat
  6399 | D:7      | Reached *** piety under Yredelemnul
  6996 | D:8      | Reached XP level 10. HP: 81/92 MP: 12/12
  7196 | D:8      | Noticed a two-headed ogre
  7203 | D:8      | Killed a two-headed ogre
  7203 | D:8      | Reached skill level 5 in Invocations
  7407 | D:8      | Found Cucil's Antique Weapon Shoppe.
  7423 | D:8      | Found Siamiyd's Jewellery Shop.
  7465 | D:8      | Found a hazy altar of Hepliaklqana.
  7493 | D:8      | Found Geosoenei's Armour Shop.
  7501 | D:8      | Bought a +0 large shield for 72 gold pieces
  7714 | D:9      | Noticed a white ugly thing
  7736 | D:9      | HP: 2/92 [killer bee (8)]
  7737 | D:9      | Mangled by a white ugly thing

Skill      XL: |  1  2  3  4  5  6  7  8  9 10 |
---------------+-------------------------------+-----
Dodging        | 3 4 5 |  5.5
Shields        | 3 4 5 6 |  6.1
Unarmed Combat | 3 4 5 7 8 |  8.9
Invocations    | 1 2 3 4 5 |  5.1
Fighting       | 3 4 |  4.1
Spellcasting   | 1 2 |  2.4
Stealth        | |  0.7

Action                   |  1- 3 |  4- 6 |  7- 9 | 10-12 || total
-------------------------+-------+-------+-------+-------++-------
Melee: Unarmed           |   124 |   120 |   393 |    33 ||   670
Invok: Animate Remains   |       |       |     3 |       ||     3
       Animate Dead      |       |       |     2 |     3 ||     5
  Use: Potion            |     1 |       |     3 |     1 ||     5
       Scroll            |       |    10 |     7 |       ||    17
 Stab: Distracted        |       |     1 |       |       ||     1
  Eat: Chunk             |    18 |    17 |    30 |     8 ||    73
       Ration            |       |       |     1 |       ||     1
Armor: Robe              |    72 |    18 |    95 |    10 ||   195
       Skin              |       |       |    23 |       ||    23
Dodge: Dodged            |    76 |    55 |   224 |    38 ||   393
Block: Shield            |    89 |    52 |   267 |    14 ||   422
       Large shield      |       |       |       |    35 ||    35
